 Dungeon Crawl Stone Soup version 0.29.1-2-gbd0b4ee654 (webtiles) character file.

Game seed: 1498562159081180307

66 piggly the Trooper (level 4, -1/41 HPs)
             Began as a Hill Orc Fighter on Oct 29, 2022.
             Was a Follower of Dithmenos.
             Succumbed to Crazy Yiuf's poison
             ... on level 2 of the Dungeon.
             The game lasted 00:04:38 (1889 turns).

piggly the Trooper (Hill Orc Fighter)               Turns: 1889, Time: 00:04:39

Health: -1/41      AC: 10    Str: 20    XL:     4   Next: 15%
Magic:  0/4        EV:  7    Int:  8    God:    Dithmenos [*.....]
Gold:   83         SH:  4    Dex: 10    Spells: 3/3 levels left

rFire   . . .      SeeInvis .   a - +0 war axe
rCold   . . .      Faith    .   c - +0 buckler
rNeg    . . .      Spirit   .   p - +0 chain mail
rPois   .          Reflect  .   (no helmet)
rElec   .          Harm     .   (no cloak)
rCorr   .          Rampage  .   k - +0 pair of gloves
Will    .....                   (no boots)
Stlth   ..........              (no amulet)
HPRegen 0.13/turn               (no ring)
MPRegen 0.09/turn               (no ring)

@: lethally poisoned (-1 -> -7), wreathed by umbra
A: no striking features
a: Renounce Religion


You were on level 2 of the Dungeon.
You worshipped Dithmenos.
Dithmenos was aware of your devotion.
You visited 1 branch of the dungeon, and saw 2 of its levels.

You collected 83 gold pieces.

Inventory:

Hand Weapons
 a - a +0 war axe (weapon)
Armour
 b - a +0 scale mail
 c - a +0 buckler (worn)
 k - a +0 pair of gloves (worn)
 o - a +0 ring mail
 p - a +0 chain mail (worn)
Magical Staves
 h - a staff of poison
Wands
 q - a wand of roots (8)
Scrolls
 e - a scroll of blinking {unknown}
 i - 2 scrolls of teleportation {unknown}
 j - a scroll of enchant weapon {unknown}
 n - a scroll of identify {unknown}
 r - a scroll of fog {unknown}
Potions
 d - a potion of might
 f - a potion of curing {unknown}
 g - a potion of mutation {unknown}
 l - a potion of attraction {unknown}
 m - a potion of lignification {unknown}


   Skills:
 + Level 4.3 Fighting
 + Level 3.6 Axes
 + Level 3.8 Armour
 + Level 0.2 Dodging
 + Level 3.9 Shields


You had 3 spell levels left.
You didn't know any spells.
Your spell library contained the following spells:

 Spells                   Type           Power      Damage    Failure   Level
 Magic Dart               Conj           0%         1d3       99%         1
 Call Imp                 Summ           0%         N/A       100%        2
 Mephitic Cloud           Conj/Pois/Air  0%         N/A       100%        3


Dungeon Overview and Level Annotations

Branches:
Dungeon (2/15)

Altars:
Dithmenos

Shops:
D:2 *


Message History

Found a runed translucent door.
Crazy Yiuf shouts!
You open the door. You slash Crazy Yiuf!
Crazy Yiuf is severely wounded.
Crazy Yiuf barely misses you. x2
You barely miss Crazy Yiuf.
Crazy Yiuf is severely wounded.
Crazy Yiuf closely misses you.
You hit Crazy Yiuf.
Crazy Yiuf is almost dead.
Crazy Yiuf hits you but does no damage.
You hit Crazy Yiuf.
Crazy Yiuf is almost dead.
Crazy Yiuf hits you with a +2 quarterstaff of chaos!
You feel your power leaking away.
Crazy Yiuf grits, "Line noodlescoop sanguine!"
Crazy Yiuf hits you with a +2 quarterstaff of chaos.
You barely miss Crazy Yiuf.
Crazy Yiuf is almost dead.
Crazy Yiuf screams, "Dawk King shrimp!"
Crazy Yiuf hits you with a +2 quarterstaff of chaos!
Crazy Yiuf burns you.
You closely miss Crazy Yiuf.
Crazy Yiuf is almost dead.
Crazy Yiuf says, "Snoogle fast hog!"
Crazy Yiuf barely misses you.
You barely miss Crazy Yiuf.
Crazy Yiuf is almost dead.
Crazy Yiuf hits you with a +2 quarterstaff of chaos.
Crazy Yiuf hits you with a +2 quarterstaff of chaos!
* * * LOW HITPOINT WARNING * * *
You are lethally poisoned!
You slash Crazy Yiuf!
You kill Crazy Yiuf!
Dithmenos accepts your kill.
* * * LOW HITPOINT WARNING * * *
You feel very sick.
You have reached level 4!
You die...

#..# ##..##
#.## ♣....♣
#.# ♣...♣♣
#.# ♣♣.♣♣
#.# ♣.♣♣ #.#
♣♣.♣ #.#
♣.♣♣ #.#
♣♣.♣
#########.##
#@#
.........[.#
#...#
##....######
#...# #....#
#..)# ######
##### ###
#.###
############
#.#.#


There were no monsters in sight!

Vanquished Creatures
  Crazy Yiuf (D:2)
  A worm (D:2)
  A dart slug (D:1)
  7 bats
  3 endoplasms
  2 giant cockroaches (D:1)
  3 goblins
  A hobgoblin (D:1)
  2 quokkas (D:1)
  4 ball pythons
  2 frilled lizards (D:2)
  3 kobolds
  4 rats (D:1)
34 creatures vanquished.

Notes
Turn   | Place    | Note
-------+----------+-------------------------------------------
     0 | D:1      | piggly the Hill Orc Fighter began the quest for the Orb.
     0 | D:1      | Reached XP level 1. HP: 19/19 MP: 1/1
   304 | D:1      | Reached XP level 2. HP: 27/27 MP: 2/2
   420 | D:1      | Found a faded altar of an unknown god.
   444 | D:1      | Prayed at the altar of an unknown god.
   444 | D:1      | Became a worshipper of Dithmenos the Shadowed
   444 | D:1      | Reached * piety under Dithmenos
   529 | D:1      | Reached skill level 4 in Fighting
  1069 | D:2      | Reached XP level 3. HP: 33/33 MP: 3/3
  1398 | D:2      | Found Olu Ule's Assorted Antiques.
  1876 | D:2      | Found a runed translucent door.
  1877 | D:2      | Noticed Crazy Yiuf
  1888 | D:2      | Killed Crazy Yiuf
  1888 | D:2      | HP: 1/33 [poisoned by Crazy Yiuf]
  1889 | D:2      | Reached XP level 4. HP: 1/41 MP: 0/4
  1889 | D:2      | Succumbed to Crazy Yiuf's poison

Illustrated notes

Levels and vault maps discovered:
D:1:      giann_bridges, layout_loops_ring, chequers_ecumenical_altar_island
D:2:      layout_basic, serial_shops, shop, uniq_crazy_yiuf_cottage

Skill      XL: |  1  2  3 |
---------------+----------+-----
Fighting       | 4 |  4.3
Axes           | 3 |  3.6
Armour         | |  3.8
Dodging        | |  0.2
Shields        | |  3.9

Action                   |  1- 3 |  4- 6 || total
-------------------------+-------+-------++-------
Melee: War axe           |   101 |       ||   101
Armor: Scale mail        |    60 |       ||    60
       Chain mail        |     1 |       ||     1
Dodge: Dodged            |    55 |       ||    55
Block: Buckler           |    28 |       ||    28
